Map: Pylon LE

Players

ByuN

  • Race: Terran Terran
  • Spawn Location: 5:00

Shameless - Winner!

  • Race: Protoss Protoss
  • Spawn Location: 11:00

VOD

Have the link to the VOD?

Description

Time

  • Played on: July 29, 2025, 9:52 p.m.
  • Length: 13:18
Show
View Real Time Build Order
Export as new Build Order

ByuN Terran 

Build Orders:  

Get SALT Encoding   

  12  0:00  SCV  
  13  0:12  SCV  
  14  0:16  Supply Depot  
  14  0:24  SCV  
  15  0:38  SCV  
  15  0:39  Barracks  
  15  0:42  Refinery  
  16  0:50  SCV  
  16  0:52  Refinery  
  17  1:02  SCV  
  18  1:14  SCV  
  19  1:27  Orbital Command, Reaper  
  20  1:40  Factory  
  20  1:48  Supply Depot  
  20  1:52  SCV  
  21  1:59  Reaper  
  22  2:04  SCV  
  23  2:18  Command Center  
  23  2:19  SCV  
  24  2:24  Hellion  
  26  2:31  SCV  
  26  2:32  Barracks Reactor  
  27  2:40  Starport  
  27  2:47  Factory Tech Lab, SCV  
  27  2:50  Supply Depot  
  28  2:59  SCV  
  29  3:08  Marine x2  
  29  3:12  SCV  
  32  3:18  Cyclone  
  35  3:24  SCV  
  35  3:26  Marine  
  36  3:30  Marine, Medivac  
  36  3:34  Orbital Command  
  36  3:38  SCV  
  37  3:47  Marine  
  37  3:48  Marine  
  39  3:53  SCV  
  40  3:58  Factory Tech Lab  
  40  4:01  Refinery  
  40  4:05  SCV x2  
  40  4:06  Marine x2  
  40  4:07  Banshee  
  47  4:15  Supply Depot  
  47  4:17  SCV x2  
  49  4:25  Barracks  
  49  4:27  Siege Tank  
  53  4:34  Marine  
  53  4:36  Marine  
  54  4:39  SCV x2  
  54  4:40  Bunker, Supply Depot  
  58  4:54  SCV x2  
  58  4:56  Barracks  
  58  4:58  Engineering Bay  
  57  5:03  Siege Tank  
  57  5:06  SCV x2, Supply Depot  
  62  5:07  Marine x2  
  64  5:18  SCV x2  
  66  5:21  Refinery  
  66  5:22  Starport Reactor, Stimpack, Marine  
  66  5:24  Supply Depot  
  67  5:30  SCV x2, Terran Infantry Weapons Level 1  
  69  5:40  Marine x3  
  69  5:42  SCV x2  
  73  5:48  Factory Reactor, Supply Depot  
  74  5:54  SCV  
  74  5:55  SCV  
  76  6:04  Marauder x2, Marine x2  
  80  6:05  Combat Shield  
  80  6:06  Medivac  
  80  6:07  SCV x2  
  80  6:09  Medivac  
  80  6:10  Supply Depot  
  88  6:15  Supply Depot  
  88  6:19  SCV x2  
  90  6:27  Marauder  
  90  6:28  Marauder  
  90  6:31  Marine x2  
  90  6:32  Widow Mine x2  
  100  6:36  Supply Depot  
  100  6:43  Command Center  
  100  6:51  Marine, Marauder x2  
  100  6:52  Marine  
  106  7:02  Concussive Shells  
  106  7:03  Barracks x2  
  106  7:05  SCV x2  
  108  7:11  Ghost Academy  
  100  7:16  Marauder  
  100  7:17  SCV, Marauder, Marine  
  100  7:20  Marine  
  102  7:27  Widow Mine x2  
  102  7:28  Medivac  
  108  7:30  Medivac  
  108  7:33  SCV x2  
  112  7:39  Marine x2  
  112  7:42  Marauder x2  
  118  7:48  SCV x2  
  118  7:50  Terran Infantry Armor Level 1  
  118  7:51  Barracks Tech Lab, Barracks Reactor  
  116  7:55  Missile Turret  
  116  7:58  Orbital Command  
  116  8:03  Ghost  
  119  8:06  Ghost  
  119  8:09  Marine x2  
  124  8:13  Ghost  
  124  8:19  Widow Mine x2  
  131  8:22  SCV x2  
  133  8:29  Supply Depot  
  133  8:34  SCV  
  134  8:36  Missile Turret  
  134  8:37  Marauder x2  
  134  8:39  Medivac  
  134  8:40  Orbital Command  
  140  8:46  SCV  
  140  8:48  Supply Depot  
  141  8:49  Supply Depot  
  141  8:50  Medivac  
  141  8:51  Marauder, Supply Depot  
  141  8:52  Marine x4  
  148  9:03  SCV  
  148  9:09  SCV  
  150  9:14  Armory  
  150  9:15  SCV, Engineering Bay  
  142  9:18  Marauder x3, Marine x2  
  142  9:19  Marine x2  
  142  9:21  SCV  
  80  9:24  Medivac x2  
  143  9:27  SCV x2  
  149  9:32  Refinery x2, Sensor Tower  
  149  9:33  SCV  
  149  9:35  Widow Mine x2  
  154  9:39  Marine x3  
  154  9:40  Marine  
  158  9:46  Missile Turret  
  158  9:49  Ghost  
  158  9:50  Ghost  
  164  9:54  Viking x2, Ghost  
  164  9:58  Missile Turret  
  171  10:02  Supply Depot  
  171  10:07  Marine x2  
  171  10:10  SCV x2  
  171  10:14  SCV  
  173  10:19  Marauder, Marine x2  
  173  10:20  Marauder  
  169  10:22  SCV x2  
  169  10:23  Marauder  
  169  10:26  SCV  
  171  10:31  Marine x2  
  173  10:37  Terran Infantry Armor Level 2, Terran Infantry Weapons Level 2  
  173  10:44  Marauder x3, Supply Depot  
  173  10:48  Supply Depot  
  178  10:57  Command Center  
  178  10:58  Marine x3  
  178  10:59  Marine  
  176  11:05  Ghost  
  176  11:08  Marauder x2  
  177  11:14  Medivac x2  
  177  11:16  Marine x3  
  177  11:17  Marine  
  183  11:22  SCV x2  
  183  11:24  SCV  
  161  11:29  Marine, Ghost  
  165  11:34  SCV, Marine  
  148  11:42  Marine  
  148  11:43  Marine  
  148  11:44  Viking x2  
  133  11:47  Marauder  
  133  11:51  Barracks, Ghost  
  133  11:52  Barracks  
  137  11:54  Barracks  
  137  11:58  Ghost  
  137  12:00  SCV x3  
  143  12:03  Starport  
  143  12:06  Marine x3  
  143  12:08  Ghost  
  146  12:12  SCV  
  150  12:18  Viking  
  150  12:20  Viking, Ghost  
  156  12:35  Marauder  
  155  12:37  Marauder  
  155  12:40  SCV  
  155  12:41  SCV  
  151  12:46  Marine x3  
  151  12:48  Viking  
  151  12:49  Marauder  
  155  12:56  Marauder  
  155  12:58  Marine x2  
  145  12:59  SCV  
  145  13:02  SCV x2  
Show
View Real Time Build Order
Export as new Build Order

Shameless Protoss - Winner!

Build Orders: 1 Gate Expand 

Get SALT Encoding   

  12  0:01  Probe  
  13  0:13  Probe  
  14  0:19  Pylon  
  14  0:24  Probe  
  15  0:33  Probe  
  15  0:37  Gateway  
  15  0:41  Probe  
  16  0:47  Assimilator  
  17  0:52  Probe  
  18  1:04  Probe  
  19  1:16  Probe  
  20  1:22  Nexus  
  20  1:31  Cybernetics Core  
  20  1:34  Probe  
  21  1:40  Assimilator  
  21  1:46  Probe  
  22  1:50  Pylon  
  22  1:56  Stalker  
  22  1:58  Probe  
  25  2:09  Warp Gate  
  25  2:10  Probe  
  26  2:18  Probe  
  27  2:25  Sentry  
  27  2:26  Probe  
  29  2:34  Probe  
  31  2:37  Probe  
  31  2:40  Shield Battery  
  32  2:45  Twilight Council  
  32  2:46  Probe  
  32  2:49  Probe  
  34  2:52  Stalker  
  36  2:58  Probe  
  36  3:01  Probe  
  37  3:08  Charge  
  37  3:11  Probe  
  38  3:13  Probe  
  38  3:17  Gateway  
  38  3:23  Probe  
  38  3:25  Probe  
  38  3:35  Probe  
  38  3:38  Gateway  
  38  3:39  Probe  
  40  3:42  Pylon  
  40  3:47  Probe  
  41  3:50  Shield Battery  
  41  3:51  Probe  
  42  3:57  Stalker  
  42  3:59  Probe  
  45  4:03  Probe  
  45  4:05  Assimilator  
  45  4:06  Assimilator  
  46  4:11  Stalker  
  46  4:12  Probe  
  46  4:15  Robotics Facility  
  49  4:17  Probe  
  49  4:23  Pylon  
  50  4:24  Probe  
  50  4:29  Probe  
  52  4:36  Probe  
  53  4:41  Probe  
  53  4:42  Templar Archives  
  54  4:48  Probe  
  55  4:53  Probe  
  55  4:54  Nexus  
  55  4:56  Pylon  
  55  4:57  Observer  
  56  5:00  Stalker  
  56  5:02  Probe  
  56  5:05  Probe  
  61  5:08  Psionic Storm  
  61  5:10  Observer  
  61  5:14  Probe  
  61  5:17  Pylon  
  61  5:20  Probe  
  64  5:23  Shield Battery  
  64  5:26  Probe  
  65  5:29  Zealot  
  65  5:30  Observer x2  
  65  5:32  Probe  
  69  5:36  Pylon  
  69  5:38  Probe  
  69  5:39  Observer  
  69  5:43  High Templar  
  69  5:44  Probe  
  69  5:47  Gateway  
  69  5:48  Gateway  
  72  5:51  Probe  
  72  5:54  Gateway  
  72  5:55  High Templar  
  72  5:56  Probe  
  76  6:01  Observer  
  76  6:03  Probe  
  74  6:09  Probe  
  74  6:10  Stalker  
  77  6:12  Probe  
  77  6:15  Probe, High Templar  
  81  6:18  Pylon  
  81  6:23  Gateway  
  81  6:24  Gateway, Probe  
  82  6:26  Probe  
  82  6:28  High Templar, Immortal  
  84  6:34  Zealot  
  84  6:37  Pylon  
  90  6:44  Zealot, High Templar  
  94  6:50  Probe x3  
  94  6:52  Pylon  
  94  6:53  Sentry, Zealot  
  101  6:55  Zealot  
  101  7:01  Blink  
  103  7:02  Probe  
  103  7:03  Pylon  
  103  7:07  Observer  
  103  7:08  Zealot  
  103  7:09  Zealot  
  103  7:11  Probe  
  103  7:14  Probe  
  105  7:16  Zealot x3, Warp Prism  
  111  7:34  Stalker x3, Zealot  
  119  7:38  Pylon, Observer  
  119  7:46  Observer  
  119  7:48  Nexus  
  119  7:55  Forge, Observer  
  119  7:57  Sentry, Zealot x3  
  119  7:58  Forge  
  127  8:06  Probe  
  127  8:07  Probe x2  
  130  8:19  Pylon, Probe x3  
  133  8:20  Pylon  
  133  8:21  Protoss Ground Armor Level 1  
  133  8:25  Observer  
  133  8:26  Observer  
  133  8:30  Protoss Ground Weapons Level 1  
  133  8:31  Probe  
  134  8:37  Robotics Facility, Robotics Bay  
  134  8:38  Assimilator  
  134  8:39  Probe x2, Zealot  
  134  8:40  Zealot x3  
  144  8:42  Pylon  
  144  8:43  Assimilator, Probe  
  145  8:51  Pylon, Probe  
  146  8:58  Probe  
  146  8:59  Probe  
  148  9:03  Probe  
  148  9:05  Stalker x6  
  148  9:07  Probe  
  162  9:10  Probe  
  163  9:21  Observer  
  163  9:27  Probe  
  163  9:28  Immortal x2  
  163  9:30  Robotics Bay  
  173  9:37  Observer  
  172  9:51  Nexus  
  172  9:52  Pylon, Gateway  
  172  9:54  Gateway  
  172  9:56  Gateway  
  172  9:59  Dark Shrine  
  172  10:01  Pylon  
  172  10:02  Observer  
  172  10:09  Zealot x8  
  172  10:11  Colossus  
  176  10:16  Protoss Ground Armor Level 2  
  176  10:19  Observer  
  176  10:21  Colossus  
  162  10:22  Extended Thermal Lance, Protoss Ground Weapons Level 2  
  158  10:39  Probe x2  
  158  10:40  Probe  
  158  10:50  High Templar  
  158  10:51  Stalker x3, Zealot x3  
  172  10:58  Nexus  
  172  11:00  Gateway  
  172  11:01  Pylon  
  172  11:03  Unknown, Colossus  
  170  11:06  Gateway  
  170  11:10  Zealot x4  
  170  11:11  Colossus  
  172  11:24  Zealot x7  
  140  11:48  High Templar x3  
  140  11:49  Stalker x5  
  140  11:50  Observer, Zealot x3  
  140  11:51  Observer  
  140  11:52  Immortal  
  162  12:00  Probe x3  
  170  12:10  Zealot x3  
  170  12:11  Zealot x2  
  180  12:18  Immortal  
  184  12:24  Probe, Nexus  
  184  12:26  Pylon  
  185  12:35  Immortal  
  185  12:49  Zealot  
  185  12:50  Zealot x11  
  195  12:56  Observer  
  162  13:07  Zealot  
Tags
 
Matchup
PvT
Player
ByuN
Spawn Locations
Cross Positions
Add a new tag
Caveats
  • Supply blocks, unpowered buildings, or Contaminate may cause inaccurate times.
  • Supply counts are checked every 10 seconds.